 Dungeon Crawl Stone Soup version 0.30-a0-457-g4b7bca3bfa (webtiles) character file.

Game seed: 3721685344195152531

14 Strat the Insei (level 2, 0/26 HPs)
             Began as a Meteoran Monk on Dec 12, 2022.
             Slain by a white imp (2 damage)
             ... summoned by Natasha
             ... on level 2 of the Dungeon.
             The game lasted 00:02:22 (407 turns).

Strat the Insei (Meteoran Monk)                      Turns: 407, Time: 00:02:23

Health: 0/26       AC:  6    Str: 12    XL:     2   Next: 76%
Magic:  3/3        EV: 11    Int: 11    God:
Gold:   53         SH:  0    Dex: 16    Spells: 1/1 levels left

rFire   . . .      SeeInvis .      - Unarmed
rCold   . . .      Faith    .    (no shield)
rNeg    . . .      Spirit   .    g - +0 ring mail
rPois   .          Reflect  .    (no helmet)
rElec   .          Harm     .    c - +0 cloak
rCorr   .          Rampage  .    (no gloves)
Will    .....                    (no boots)
Stlth   +.........               (no amulet)
HPRegen 0.24/turn                (no ring)
MPRegen 0.08/turn                (no ring)

@: slowed, glowing, very slow
A: sense surroundings 1, otherworldly, glowing, explore regen
a: no special abilities


You were on level 2 of the Dungeon.
You visited 1 branch of the dungeon, and saw 2 of its levels.

You collected 53 gold pieces.

Inventory:

Armour
 a - a +0 robe
 c - a +0 cloak (worn)
 g - a +0 ring mail (worn)
Scrolls
 e - a scroll of amnesia {unknown}
 f - a scroll of identify {unknown}
 h - a scroll of teleportation {unknown}
Potions
 b - a potion of ambrosia
 d - 2 potions of lignification {unknown}
 i - a potion of haste {unknown}


   Skills:
 - Level 3.2 Fighting
 - Level 3.6 Dodging
 - Level 1.4 Stealth
 + Level 4.5 Unarmed Combat


You had one spell level left.
You didn't know any spells.
Your spell library was empty.

Dungeon Overview and Level Annotations

Branches:
Dungeon (2/15) Zot: 794

Altars:

Annotations:
D:2 Natasha


Innate Abilities, Weirdness & Mutations

You passively map a small area around you.
You are easily found by Zot.
You glow in the dark.
You regain HP and MP as you explore.


Message History

There is an open door here.
A goblin comes into view. It is wielding a +0 dagger.
The goblin shouts!
Natasha, Servant of Life and Death comes into view.
You hit the goblin.
You kill the goblin!
Natasha mumbles some strange words.
Things that are here:
a +0 dagger; a goblin corpse
Found a stone staircase leading down.
Natasha mumbles some strange words.
Found a falchion.
Natasha stares at you and mumbles some strange words.
You feel yourself slow down. The white imp gestures at you.
The puff of frost misses you. The white imp gestures at you.
The puff of frost hits you. The white imp gestures at you.
The puff of frost hits you!
* * * LOW HITPOINT WARNING * * *
The white imp hits you but does no damage.
Natasha stares at you and mumbles some strange words.
The magic dart hits you but does no damage.
You closely miss Natasha. Natasha claws you but does no damage.
The white imp hits you but does no damage.
The white imp shouts, "Fly, thou rank motley-minded efter!"
Natasha claws you!
* * * LOW HITPOINT WARNING * * *
You hit Natasha.
Natasha is lightly wounded.
The white imp gestures at you. The puff of frost hits you!
* * * LOW HITPOINT WARNING * * *
The white imp laughs crazily.
The white imp hits you but does no damage.
Natasha claws you but does no damage.
The white imp hits you but does no damage.
The white imp hits you.
You die...

,* #....#.#
, #....'.# *
#....### * ,
* ##'###, ,,
*, #####.#
*,** * * ,
#.....# # ,
, ,
#.#######.#
* *
,#...).55..#
* * *
######@h..#
, ,,
#.#...... ,
, **,
*#.####... *
#.# * ,#) *
, #.# ,, * ,
.>. * , ,
###* *


You could see Natasha and 2 white imps.

Vanquished Creatures
  2 bats (D:1)
  An endoplasm (D:1)
  2 goblins (D:2)
  2 quokkas (D:1)
  A ball python (D:1)
  2 frilled lizards (D:1)
  3 kobolds
13 creatures vanquished.

Vanquished Creatures (others)
  2 plants (D:1)
2 creatures vanquished.

Grand Total: 15 creatures vanquished

Notes
Turn   | Place    | Note
-------+----------+-------------------------------------------
     0 | D:1      | Strat the Meteoran Monk began the quest for the Orb.
     0 | D:1      | Reached XP level 1. HP: 19/19 MP: 2/2
   107 | D:1      | Reached skill level 4 in Unarmed Combat
   107 | D:1      | Reached XP level 2. HP: 13/26 MP: 3/3
   399 | D:2      | Noticed Natasha
   407 | D:2      | Slain by a white imp

Illustrated notes

Levels and vault maps discovered:
D:1:      lemuel_arrival_cross, layout_basic,
          shapermc_ecumenical_altar_mp_urbaneastern, kennysheep_crisscross
D:2:      layout_basic, uniq_natasha

Skill      XL: |  1 |
---------------+----+-----
Unarmed Combat | 4 |  4.5
Fighting       | |  3.2
Dodging        | |  3.6
Stealth        | |  1.4

Action                   || total
-------------------------++-------
Melee: Unarmed           ||    56
Armor: Robe              ||     8
       Ring mail         ||    16
Dodge: Dodged            ||    31

Table legend: (Time is in decaauts)
 A = Elapsed time spent in this place.
 B = Non-inter-level travel time spent in this place.
 C = Inter-level travel time spent in this place.
 D = Time resting spent in this place.
 E = Time spent auto-exploring this place.
 F = Levels seen in this place.
 G = Mean time per level.
                   A        B        C        D        E       F      G
               +--------+--------+--------+--------+--------+-----+--------+
         Total |    404 |    384 |     20 |      0 |      0 |   2 |  202.0 |
       Dungeon |    404 |    384 |     20 |      0 |      0 |   2 |  202.0 |
               +--------+--------+--------+--------+--------+-----+--------+

Top non-repeatable levels by time:
     D:1: 304 daAuts
     D:2: 99 daAuts
